 Dungeon Crawl Stone Soup version 0.20-a0-1101-g1de9d76 (webtiles) character file.

7076 theAP the Bludgeoner (level 10, -6/96 (97) HPs)
             Began as a Minotaur Fighter on May 4, 2017.
             Was a High Priest of Okawaru.
             Splashed by a brown ugly thing's acid (7 damage)
             ... on level 10 of the Dungeon.
             The game lasted 00:15:46 (9296 turns).

theAP the Bludgeoner (Minotaur Fighter)             Turns: 9296, Time: 00:15:47

HP:   -6/96 (97)    AC:  0    Str: 24    XL:     10   Next: 84%
MP:   9/9           EV:  4    Int:  5    God:    Okawaru [*****.]
Gold: 669           SH:  0    Dex: 10    Spells: 9/9 levels left

rFire    . . .     SeeInvis .   k - +2 whip (venom)
rCold    . . .     Gourm    .   c - +1 shield
rNeg     . . .     Faith    .   I - +0 plate armour
rPois    .         Spirit   .   (helmet restricted)
rElec    .         Reflect  .   s - +1 cloak
rCorr    .         Harm     .   D - -2 pair of gloves
MR       .....                  (no boots)
Stlth    ..........             (no amulet)
Regen    0.3/turn               (no ring)
MPRegen  0.2/turn               (no ring)

@: confused, corroded
A: retaliatory headbutt, horns 2
a: Heroism, Finesse, Renounce Religion


You were on level 10 of the Dungeon.
You worshipped Okawaru.
Okawaru was extremely pleased with you.
You were not hungry.

You visited 2 branches of the dungeon, and saw 11 of its levels.
You also visited: Sewer.

You collected 669 gold pieces.

Inventory:

Hand Weapons
 a - a +0 flail
 k - a +2 whip of venom (weapon)
Armour
 b - a +0 scale mail
 c - a +1 shield (worn)
 s - a +1 cloak (worn)
 D - a -2 pair of gloves (worn)
 I - a +0 plate armour (worn)
Wands
 m - a wand of lightning (5/15)
 r - a wand of random effects (24/48)
 w - a wand of flame (34/48)
 B - a wand of digging (6/24)
 C - a wand of flame (35/48)
 F - a wand of disintegration (5/24)
Scrolls
 e - 4 scrolls of teleportation
 h - 5 scrolls of remove curse
 n - 3 scrolls of blinking
 y - 3 scrolls of fear
 E - a scroll of enchant weapon
 G - a scroll of fog
Potions
 d - 3 potions of might
 j - 5 potions of flight
 l - 3 potions of haste
 o - a potion of ambrosia
 p - 5 potions of curing
 q - 3 potions of degeneration
 t - 2 potions of lignification {unknown}
 u - a potion of mutation {unknown}
 x - 4 potions of magic {unknown}
 z - 2 potions of berserk rage {unknown}
 A - a potion of brilliance {unknown}
 H - a potion of cancellation {unknown}
Books
 v - a book of Conjurations

   Spells                             Type                      Level
   a - Magic Dart                     Conjuration                  1
   b - Searing Ray                    Conjuration                  2
   c - Dazzling Spray                 Conjuration/Hexes            3
   d - Fulminant Prism                Conjuration/Hexes            4
   e - Force Lance                    Conjuration/Translocation    4
   f - Iskenderun's Mystic Blast      Conjuration                  4
Comestibles
 f - 8 bread rations
 g - 5 royal jellies
 i - 9 meat rations


   Skills:
 + Level 11.8 Fighting
 * Level 15.5 Maces & Flails
 - Level 3.6 Armour
 - Level 3.6 Shields


You had 9 spell levels left.
You didn't know any spells.

Dungeon Overview and Level Annotations

Branches:
Dungeon (10/15)            Temple (1/1) D:4            Lair (0/6) D:8
    Orc: D:9-12

Altars:
Ashenzari
Cheibriados
Dithmenos
Elyvilon
Fedhas
Gozag
Hepliaklqana
Kikubaaqudgha
Makhleb
Nemelex Xobeh
Okawaru
Qazlal
Ru
Sif Muna
Trog
Uskayaw
Vehumet
Wu Jian
Xom
Yredelemnul
Zin
The Shining One
Lugonu

Shops:
D:7 *


Innate Abilities, Weirdness & Mutations

You reflexively headbutt those who attack you in melee.
You have a pair of horns on your head.


Message History

* * * LOW HITPOINT WARNING * * *
It was a potion of ambrosia.
You are confused.
You feel invigorated. The brown ugly thing bites you!
* * * LOW HITPOINT WARNING * * *
You are splashed with acid!
The acid burns!
* * * LOW HITPOINT WARNING * * *
The brown ugly thing bites you.
* * * LOW HITPOINT WARNING * * *
You are splashed with acid!
The acid burns!
* * * LOW HITPOINT WARNING * * *
The brown ugly thing bites you but does no damage.
You bump into the stone wall.
The brown ugly thing bites you.
* * * LOW HITPOINT WARNING * * *
The acid corrodes you!
You are splashed with acid!
The acid burns!
* * * LOW HITPOINT WARNING * * *
The brown ugly thing bites you!
* * * LOW HITPOINT WARNING * * *
The acid corrodes you!
You are splashed with acid!
The acid burns!
You die...

######+######
#>..@......>#
#...u.......#
#<...(.)...<#
######(######
#.........#
##.⌠...⌠.##
#.......#
##.....##
#.....#


You could see a brown ugly thing.

Vanquished Creatures
  19 yaks
  A water moccasin (D:7)
  2 orc warriors
  4 ice beasts
  A sky beast (D:6)
  A black bear (D:8)
  4 necrophages
  4 ogres
  6 centaurs
  A big kobold (D:9)
  6 bullfrogs
  A scorpion (D:7)
  6 killer bees (D:9)
  3 wights (D:8)
  2 howler monkeys
  6 crimson imps
  3 bullfrog skeletons
  A jelly (D:7)
  3 hounds
  A bullfrog zombie (D:7)
  3 orc priests
  7 orc wizards
  2 iguanas
  9 worker ants
  2 killer bee zombies
  3 hound zombies
  A hound skeleton (D:4)
  3 worker ant zombies (D:5)
  9 adders
  4 river rats (Sewer)
  2 shadow imps
  4 oozes
  4 worms
  2 adder skeletons
  3 dart slugs
  4 leopard geckos
  23 orcs
  10 ball pythons
  9 bats
  4 giant cockroaches
  4 goblins
  9 hobgoblins
  12 jackals
  7 kobolds
  4 quokkas
  9 frilled lizards
  A jackal skeleton (D:5)
  A jackal zombie (D:5)
  A leopard gecko skeleton (D:4)
  A leopard gecko zombie (D:8)
  12 rats
  A bush (D:8)
  2 demonic plants (Temple)
  A plant (D:8)
248 creatures vanquished.

Vanquished Creatures (others)
  An orc (D:8)
  3 plants (D:8)
4 creatures vanquished.

Grand Total: 252 creatures vanquished

Notes
Turn   | Place    | Note
-------+----------+-------------------------------------------
     0 | D:1      | theAP the Minotaur Fighter began the quest for the Orb.
     0 | D:1      | Reached XP level 1. HP: 19/19 MP: 0/0
    64 | D:1      | Reached skill level 3 in Maces & Flails
   110 | D:1      | Reached XP level 2. HP: 27/27 MP: 1/1
   512 | D:2      | Reached XP level 3. HP: 33/33 MP: 2/2
   569 | D:2      | Found a shimmering altar of Xom.
   715 | D:2      | Reached skill level 4 in Maces & Flails
  1211 | D:3      | Reached XP level 4. HP: 41/41 MP: 3/3
  1287 | D:3      | Reached skill level 5 in Fighting
  1287 | D:3      | Reached skill level 5 in Maces & Flails
  1434 | D:3      | Reached XP level 5. HP: 48/48 MP: 4/4
  2111 | D:4      | Found a deep blue altar of Sif Muna.
  2145 | D:4      | Reached skill level 6 in Maces & Flails
  2168 | D:4      | Found a staircase to the Ecumenical Temple.
  2182 | Temple   | Entered the Ecumenical Temple
  2200 | Temple   | Became a worshipper of Warmaster Okawaru
  2983 | D:4      | Found a basalt altar of Yredelemnul.
  2991 | D:4      | Found a stormy altar of Qazlal.
  2991 | D:4      | Found a hide-covered altar of Uskayaw.
  3002 | D:4      | Found a shadowy altar of Dithmenos.
  3006 | D:4      | Found an ancient bone altar of Kikubaaqudgha.
  3152 | D:4      | Reached XP level 6. HP: 56/56 MP: 5/5
  3243 | D:5      | Entered Level 5 of the Dungeon
  3304 | D:5      | Found a glowing drain.
  3348 | Sewer    | Entered a sewer
  3701 | D:5      | Reached skill level 7 in Maces & Flails
  3892 | D:5      | Found a burning altar of Makhleb.
  3893 | D:5      | Found a radiant altar of Vehumet.
  3984 | D:5      | Found a stormy altar of Qazlal.
  4089 | D:5      | Reached XP level 7. HP: 64/64 MP: 6/6
  4384 | D:6      | Found a snail-covered altar of Cheibriados.
  4414 | D:6      | Reached * piety under Okawaru
  4414 | D:6      | Reached skill level 8 in Maces & Flails
  4762 | D:6      | Reached skill level 9 in Maces & Flails
  4818 | D:6      | Found a sacrificial altar of Ru.
  4924 | D:6      | Reached ** piety under Okawaru
  4924 | D:6      | Reached XP level 8. HP: 51/73 MP: 7/7
  5034 | D:6      | Found a deep blue altar of Sif Muna.
  5099 | D:6      | Reached skill level 10 in Maces & Flails
  5619 | D:6      | Reached skill level 11 in Maces & Flails
  5754 | D:7      | Reached *** piety under Okawaru
  5754 | D:7      | Reached XP level 9. HP: 53/83 MP: 8/8
  5786 | D:7      | Found a sparkling altar of Nemelex Xobeh.
  5809 | D:7      | Found Zin's Purification Station.
  5813 | D:7      | Found a glowing silver altar of Zin.
  6122 | D:7      | Received a gift from Okawaru
  6195 | D:7      | Reached skill level 12 in Maces & Flails
  6446 | D:7      | Found a blossoming altar of Fedhas.
  6664 | D:8      | Reached **** piety under Okawaru
  6664 | D:8      | Reached skill level 10 in Fighting
  6664 | D:8      | Reached skill level 13 in Maces & Flails
  6939 | D:8      | HP: 2/85 [wight/wand of lightning (?/15) (25)]
  7513 | D:8      | Found a blossoming altar of Fedhas.
  7570 | D:8      | Reached XP level 10. HP: 83/94 MP: 9/9
  7594 | D:8      | Reached ***** piety under Okawaru
  7600 | D:8      | Reached skill level 14 in Maces & Flails
  8005 | D:8      | Found a staircase to the Lair.
  8643 | D:9      | Reached skill level 15 in Maces & Flails
  9011 | D:9      | Found a glowing golden altar of the Shining One.
  9248 | D:10     | Entered Level 10 of the Dungeon
  9278 | D:10     | Noticed a brown ugly thing
  9292 | D:10     | HP: 4/96 [acid (7)]
  9296 | D:10     | HP: 1/96 [brown ugly thing (8)]
  9296 | D:10     | Splashed by a brown ugly thing's acid

Vault maps used:
D:1:      dpeg_arrival_rooms_with_view
D:2:      xom_butterflies, first_bread
D:4:      kennysheep_little_box, minmay_overflow_temple_star_hex,
          minmay_temple_entry_grid, kennysheep_generic_room_16
D:5:      grunt_temple_overflow_lords_of_destruction, portal_sewer_entry_a,
          grunt_qazlal_clouds
D:6:      kennysheep_orc_sif_temple, kennysheep_mini,
          nicolae_ru_the_path_less_chosen
D:7:      zin_purify, old_standard_altar, lemuel_round_altar
D:8:      lair_entry_dummy, grunt_ogre_cave, fedhas_altar_decomposition
D:9:      tso_oasis_becter
D:10:     minmay_diamond_stairs, david_orc_4, serial_ice, serial_ice_j,
          serial_ice_c, serial_ice_n, serial_ice_h, uniq_grum
Temple:   corrupted_temple
Sewer:    sewer_co_cracked_pipes

Skill      XL: |  1  2  3  4  5  6  7  8  9 10 |
---------------+-------------------------------+-----
Maces & Flails | 3 4 5 6 7 9 11 13 15 | 15.5
Fighting       | 4 5 6 7 9 10 11 | 11.8
Armour         | |  3.6
Shields        | |  3.6

Action                   |  1- 3 |  4- 6 |  7- 9 | 10-12 || total
-------------------------+-------+-------+-------+-------++-------
Melee: Flail             |    26 |       |       |       ||    26
       Headbutt          |    16 |    52 |    54 |    74 ||   196
       Whip              |    90 |   245 |   291 |   282 ||   908
  Use: Scroll            |       |    15 |     2 |       ||    17
       Potion            |       |       |     4 |     1 ||     5
  Eat: Chunk             |     1 |     5 |     5 |     4 ||    15
       Fruit             |       |     5 |     3 |       ||     8
       Royal jelly       |       |       |     2 |     2 ||     4
Armor: Scale mail        |    52 |    63 |    60 |    27 ||   202
       Plate armour      |       |       |       |     4 ||     4
Dodge: Dodged            |    34 |    39 |    38 |    18 ||   129
Block: Shield            |    45 |    80 |    83 |    61 ||   269
